 Dungeon Crawl Stone Soup version 0.30-a0-719-gcc4359ea44 (webtiles) character file.

Game seed: 12024752633486716560

77 M4edhros the Insei (level 4, -5/29 HPs)
             Began as an Octopode Transmuter on Jan 26, 2023.
             Slain by an orc
             ... wielding a +0 hand axe of electrocution
              (18 damage)
             ... on level 4 of the Dungeon.
             The game lasted 00:01:04 (711 turns).

M4edhros the Insei (Octopode Transmuter)             Turns: 711, Time: 00:01:04

Health: -5/29      AC:  1    Str:  9    XL:     4   Next: 34%
Magic:  4/7        EV: 13    Int: 15    God:
Gold:   92         SH:  0    Dex: 14    Spells: 4/7 levels left

rFire   . . .      SeeInvis .      - Unarmed
rCold   . . .      Faith    .    (no shield)
rNeg    . . .      Spirit   .    (helmet restricted)
rPois   .          Reflect  .    (no amulet)
rElec   .          Harm     .    (no ring)
rCorr   .          Rampage  .    (no ring)
Will    .....                    (no ring)
Stlth   ++                       (no ring)
HPRegen 0.24/turn                (no ring)
MPRegen 0.10/turn                (no ring)
                                 (no ring)
                                 (no ring)

@: no status effects
A: almost no armour, amphibious, 8 rings, camouflage 1, gelatinous body 1,
(nimble swimmer 1), tentacles
a: no special abilities


You were on level 4 of the Dungeon.
You visited 1 branch of the dungeon, and saw 4 of its levels.

You collected 92 gold pieces.

Inventory:

Missiles
 e - 6 poisoned darts
Scrolls
 b - a scroll of teleportation {unknown}
 d - 3 scrolls of identify {unknown}
 f - a scroll of brand weapon {unknown}
 h - a scroll of torment {unknown}
Potions
 a - a potion of lignification
 c - a potion of flight {unknown}
 g - a potion of curing {unknown}


   Skills:
 + Level 2.0 Fighting
 + Level 2.6 Dodging
 * Level 4.1 Unarmed Combat
 - Level 2.0 Spellcasting
 - Level 2.0 Transmutations
 + Level 1.0 Poison Magic


You had 4 spell levels left.
You knew the following spells:

 Your Spells              Type           Power      Damage    Failure   Level
a - Beastly Appendage     Tmut           14%        N/A       10%         1
b - Poisonous Vapours     Pois/Air       6%         N/A       26%         2

Your spell library contained the following spells:

 Spells                   Type           Power      Damage    Failure   Level
 Sting                    Tmut/Pois      24%        1d4       12%         1
 Wereblood                Tmut           7%         N/A       14%         2
 Spider Form              Tmut/Pois      6%         N/A       34%         3
 Ice Form                 Ice/Tmut       4%         N/A       82%         4
 Eringya's Noxious Bog    Tmut/Pois      3%         N/A       100%        6


Dungeon Overview and Level Annotations

Branches:
Dungeon (4/15)
 Temple: D:4-7

Altars:


Innate Abilities, Weirdness & Mutations

You cannot wear most types of armour.
You are amphibious.
You can wear up to eight rings at the same time.
Your skin changes colour to match your surroundings (Stealth+).
Your rubbery body absorbs attacks. (AC +1, EV +1)
((You are camouflaged when in or above water. (Stealth+)))
You have tentacles for arms and can constrict up to eight enemies at once.


Message History

Okay, then.
Cast which spell? (? or * to list)
The spell is quite dangerous to miscast (30% risk of failure)!
Continue anyway?
Aiming: Poisonous Vapours (quite dangerous; 30% risk of failure)
Press: ? - help, Dir - move target, f - orc wizard
Aim: an orc wizard, wielding a +0 dagger and wearing a +0 robe Poisonous vapours surround the orc wizard!
The orc wizard is poisoned.
You constrict the giant cockroach. The giant cockroach closely misses you.
An orc wizard comes into view. It is wielding a +0 dagger.
Casting: Poisonous Vapours (quite dangerous; 30% risk of failure)
Confirm with . or Enter, or press ? or * to list all spells.
The spell is quite dangerous to miscast (30% risk of failure)!
Continue anyway?
Okay, then.
You release your grip on the giant cockroach.
A giant cockroach comes into view.
The orc wizard hits you with a +0 dagger.
You tentacle-slap the orc wizard. You grab the orc wizard.
You squeeze the orc wizard.
The orc wizard is severely wounded.
You constrict the orc wizard. The giant cockroach bites you.
A quokka comes into view.
The orc wizard hits you with a +0 dagger.
The giant cockroach closely misses you.
You tentacle-slap the orc wizard.
You kill the orc wizard!
The orc wizard casts a spell at you. You resist with significant effort.
The giant cockroach closely misses you.
Your Fighting skill increases to level 2!
Your Unarmed Combat skill increases to level 4!
Your Poison Magic skill increases to level 1!
You have reached level 4!
The orc attacks as you move away! The orc closely misses you.
The giant cockroach completely misses you.
There is a stone staircase leading up here.
The orc misses you.
The orc hits you with a +0 hand axe of electrocution.
You are electrocuted!!
Ouch! That really hurt!
You die...

.## .... ...
..# . #..#
#.. ####..#
#..##.....##
#...@B....#
#...oo##....#
#...(.r# ...
##....o.$ .
#.....B..#
#.....#..#
#....##...#
>#.$.## ..#
.##### ...


You could see an orc wizard, 2 orcs, a quokka and 2 giant cockroaches.

Vanquished Creatures
  An orc wizard (D:4)
  3 adders (D:3)
  3 dart slugs
  3 ball pythons (D:3)
  2 bats (D:3)
  An endoplasm (D:1)
  A goblin (D:3)
  A quokka (D:3)
  2 kobolds
  4 rats
21 creatures vanquished.

Notes
Turn   | Place    | Note
-------+----------+-------------------------------------------
     0 | D:1      | M4edhros the Octopode Transmuter began the quest for the
                  | Orb.
     0 | D:1      | Reached XP level 1. HP: 13/13 MP: 3/3
   251 | D:2      | Reached XP level 2. HP: 18/18 MP: 5/5
   385 | D:3      | Reached XP level 3. HP: 17/23 MP: 6/6
   519 | D:3      | Got Muschast's Almanac of the Cure
   543 | D:3      | Learned a level 2 spell: Poisonous Vapours
   710 | D:4      | Reached skill level 4 in Unarmed Combat
   710 | D:4      | Reached skill level 1 in Poison Magic
   710 | D:4      | Reached XP level 4. HP: 14/29 MP: 4/7
   711 | D:4      | Slain by an orc

Illustrated notes

Levels and vault maps discovered:
D:1:      amcnicky_arrival_abandoned_market, layout_rooms,
          dreamdust_ecumenical_altar_drowned_temple,
          nicolae_concentric_dashed_squares_mild
D:2:      layout_basic
D:3:      layout_rooms
D:4:      layout_layer_cave, grunt_gozag_statues,
          nicolae_overflow_hidden_temple, nicolae_elyvilon_peaceful_grove,
          kennysheep_flooded_box, kennysheep_decorative_pillar,
          skrybe_limestone_x, saegor_snake_ambush, uniq_pikel

Skill      XL: |  1  2  3 |
---------------+----------+-----
Fighting       | 2 |  2.0
Unarmed Combat | 4 |  4.1
Poison Magic   | 1 |  1.0
Dodging        | |  2.6
Spellcasting   | |  2.0
Transmutations | |  2.0

Action                     |  1- 3 |  4- 6 || total
---------------------------+-------+-------++-------
  Melee: Unarmed           |    53 |       ||    53
         Constrict         |    14 |       ||    14
         Tentacles         |    12 |       ||    12
         Punch             |     1 |       ||     1
   Cast: Poisonous Vapours |     1 |       ||     1
   Stab: Sleeping          |     7 |       ||     7
 Armour: Skin              |     7 |       ||     7
  Dodge: Dodged            |    29 |     3 ||    32

Table legend: (Time is in decaauts)
 A = Elapsed time spent in this place.
 B = Non-inter-level travel time spent in this place.
 C = Inter-level travel time spent in this place.
 D = Time resting spent in this place.
 E = Time spent auto-exploring this place.
 F = Levels seen in this place.
 G = Mean time per level.
                   A        B        C        D        E       F      G
               +--------+--------+--------+--------+--------+-----+--------+
         Total |    706 |    647 |     59 |      0 |    491 |   4 |  176.5 |
       Dungeon |    706 |    647 |     59 |      0 |    491 |   4 |  176.5 |
               +--------+--------+--------+--------+--------+-----+--------+

Top non-repeatable levels by time:
     D:3: 426 daAuts
     D:2: 205 daAuts
     D:1: 65 daAuts
     D:4: 9 daAuts
